 Dungeon Crawl Stone Soup version 0.15.0-27-gbdb0435 (webtiles) character file.

156206 Kashira the Destroyer (level 17, -2/158 HPs)
             Began as a Naga Wizard on Sept 10, 2014.
             Was the Champion of Cheibriados.
             Drowned by a water elemental (8 damage)
             ... on Level 5 of the Shoals on Sept 11, 2014.
             The game lasted 05:38:03 (41645 turns).

Kashira the Destroyer (Naga Wizard)                Turns: 41645, Time: 05:38:03

HP  -2/158       AC 26     Str 32      XL: 17   Next: 66%
MP   4/46        EV 21     Int 41      God: Cheibriados [******]
Gold 2660        SH  9     Dex 31      Spells: 10 memorised,  7 levels left

rFire  + . .     SeeInvis +     I - +4 rod of ignition (4/10)
rCold  + . .     Clarity  .     B - +2 ring mail {rF+}
rNeg   . . .     rCorr    +     E - +1 buckler {reflect}
rPois  +         rRot     .     u - +2 hat
rElec  .         Spirit   .     b - +2 cloak {rC+}
SustAb .         Warding  .     X - +0 pair of gloves
rMut   .         Stasis   .     r - +2 naga barding
Gourm  .                        M - amulet of resist corrosion
MR     ++...                    v - ring of magical power
                                C - +2 ring of intelligence

@: mighty, agile, engulfed (cannot breathe), mesmerised, repel missiles, very
slow, very resistant to hostile enchantments, stealthy
A: spit poison, constrict 1, antennae 2, stinger 1, rugged brown scales 1, see
invisible, deformed body, poison resistance, robust 1, slowness 2, slow healing
1, strong 1, placid magic 2, AC +5
a: Spit Poison, Bend Time, Temporal Distortion, Slouch, Step From Time, Renounce
Religion


You were on level 5 of the Shoals.
You worshipped Cheibriados.
Cheibriados was exalted by your worship.
You were near starving.

You visited 5 branches of the dungeon, and saw 30 of its levels.
You also visited: Labyrinth, Ice Cave and Volcano.

You collected 3067 gold pieces.
You spent 407 gold pieces at shops.

Inventory:

Hand weapons
 f - a +3 mace of protection
Missiles
 q - 3 poisoned javelins (quivered)
 F - 3 silver javelins
 L - 2 throwing nets
Armour
 b - a +2 cloak of cold resistance (worn)
 l - the +0 chain mail of the Good {rF++ MR++ SInv}
   (You found it in a labyrinth)

   It greatly protects you from fire.
   It affects your resistance to hostile enchantments.
   It enhances your eyesight.
 r - a +2 naga barding (worn)
 u - a +2 hat (worn)
 B - a +2 ring mail of fire resistance (worn)
 E - a +1 buckler of reflection (worn)
 X - a +0 pair of gloves (worn)
Magical devices
 c - a wand of fire (0)
 z - a wand of confusion (16)
 A - a wand of paralysis (14)
 K - a wand of disintegration (3)
 P - a wand of cold (5)
Comestibles
 d - 15 bread rations
 k - 33 fruits
 p - a meat ration
 O - a slice of pizza
Scrolls
 e - 3 scrolls of magic mapping
 i - 7 scrolls of remove curse
 j - a scroll of enchant weapon
 m - a scroll of recharging
 o - a scroll of fear
 t - 2 scrolls of fog
 y - 2 scrolls of identify
 H - a scroll of vulnerability
Jewellery
 n - an uncursed ring of magical power
 v - a ring of magical power (right hand)
 C - a +2 ring of intelligence (left hand)
 M - an amulet of resist corrosion (around neck)
Potions
 g - 3 potions of agility
 s - 10 potions of curing
 w - 2 potions of might
 x - a potion of restore abilities
Books
 h - Roxanne's Papyrus of Shifting Clay
   (You took it off Roxanne on level 1 of the Shoals)

   Spells                             Type                      Level
   Sandblast                          Earth                        1
   Stoneskin                          Transmutation/Earth          2
   Leda's Liquefaction                Hexes/Earth                  4
   *Bolt of Magma                     Conjuration/Fire/Earth       5
   Statue Form                        Transmutation/Earth          6
 D - a book of Fire

   Spells                             Type                      Level
   Ignite Poison                      Fire/Transmutation           5
   Fireball                           Conjuration/Fire             5
   Bolt of Fire                       Conjuration/Fire             6
   Delayed Fireball                   Conjuration/Fire             7
   Ring of Flames                     Charms/Fire                  7
 G - Qoheg's Tome of Creation
   (You found it on level 3 of the Shoals)

   Spells                             Type                      Level
   Summon Small Mammal                Summoning                    1
   Call Imp                           Summoning                    2
   Summon Demon                       Summoning                    5
   Dragon's Call                      Summoning                    9
Rods
 I - a +4 rod of ignition (4/10) (weapon)
   (You found it in a labyrinth)


   Skills:
 + Level 5.8 Fighting
 - Level 1.7 Throwing
 + Level 6.1 Armour
 + Level 8.2 Dodging
 - Level 3.0 Stealth
 * Level 6.8 Shields
 + Level 13.6 Spellcasting
 * Level 16.8 Conjurations
 + Level 1.5 Charms
   Level 1.0 Summonings
 + Level 2.2 Translocations
 + Level 2.8 Fire Magic
 + Level 6.8 Air Magic
 + Level 7.0 Earth Magic
 + Level 6.7 Poison Magic
 * Level 10.8 Invocations
 + Level 1.2 Evocations


You had 7 spell levels left.
You knew the following spells:

 Your Spells              Type           Power        Failure   Level  Hunger
a - Magic Dart            Conj           ####         0%          1    None
b - Mephitic Cloud        Conj/Pois/Air  ######..     0%          3    None
c - Conjure Flame         Conj/Fire      ######..     0%          3    None
d - Blink                 Tloc           N/A          0%          2    None
e - Repel Missiles        Chrm/Air       ####..       0%          2    None
f - Iskenderun's Mystic   Conj           ######..     0%          4    None
g - Iron Shot             Conj/Erth      ######....   0%          6    None
h - Bolt of Magma         Conj/Fire/Erth ######....   0%          5    None
i - Lightning Bolt        Conj/Air       ######....   0%          5    None
j - Lee's Rapid Deconstr  Erth           #####.....   1%          5    None


Dungeon Overview and Level Annotations

Branches:
Dungeon (12/15)            Temple (1/1) D:5             Orc (4/4) D:9
    Elf (0/3) Orc:3          Lair (8/8) D:10         Shoals (5/5) Lair:6
  Snake (0/5) Lair:6        Slime (0/6) Lair:6

Altars:
Ashenzari
Cheibriados
Dithmenos
Fedhas
Kikubaaqudgha
Makhleb
Okawaru
Sif Muna
Trog
Vehumet
Yredelemnul
Zin
The Shining One

Shops:
D:10 *   D:11 [(!   Orc:2 (   Orc:4 (?[%%

Portals:
Trove: D:12 (give 17 potions of curing)

Annotations:
D:3 Psiweapon's ghost, average OgHu


Innate Abilities, Weirdness & Mutations

You cannot wear boots.
You can spit poison.
You can use your snake-like lower body to constrict enemies.
Your serpentine skin is tough (AC +5).
You have supernaturally acute eyesight.
Armour fits poorly on your strangely shaped body.
Your system is resistant to poisons.
You cover ground very slowly.
You have a pair of antennae on your head.
Your tail ends in a poisonous barb.
You are partially covered in rugged brown scales (AC +1, +3% HP).
You are robust (+10% HP).
You heal slowly when monsters are visible.
Your muscles are strong. (Str +2)
Your spells are easier to cast, but less powerful.


Message History

Your lungs strain for air!
The harpy screeches!
The harpy claws you but does no damage. The harpy closely misses you.
The mermaid hits you but does no damage.
The water elemental completely misses you.
The mermaid chants her luring song.
Drink which item? (? for menu, Esc to quit)
Okay, then.
Evoke which item? (* to show all) (? for menu, Esc to quit)
Okay, then.
Press: ? - help, v - describe, . - travel
Here: a water elemental (severely damaged)
The floor.
The rod doesn't have enough magic points.
Evoke which item? (* to show all) (? for menu, Esc to quit)
Zapping:
P - a wand of cold {zapped: 3}
Press: ? - help, Shift-Dir - straight line, f/p - water elemental
Aim: a water elemental (severely damaged)
The bolt of cold misses the water elemental.
You die...

≈≈≈≈≈≈≈≈≈ ≈≈≈≈≈≈≈≈≈≈≈
≈≈≈≈≈≈≈≈≈≈≈≈≈
.....≈≈≈≈≈≈≈≈≈≈
........≈≈≈≈≈≈≈ P
.........≈≈≈≈.. ≈P≈
#.....≈≈H[..# .≈≈≈
#...≈≈≈≈..###≈≈≈≈≈
#.#@E≈≈≈≈≈≈....≈≈≈≈
..#))mt≈≈≈≈≈≈≈≈≈≈≈≈≈
≈≈≈...#§m≈≈≈≈≈§§m≈≈≈P≈≈
≈#≈≈≈≈.#≈≈≈≈.P.mEP≈≈≈≈≈≈
.≈#H#≈≈#HS....P§P≈≈≈≈P≈≈
≈≈#≈≈##.......#.≈≈≈≈≈≈≈
≈≈≈# ....... .P≈≈≈≈P ≈#
....... H≈≈≈≈PP .......
..≈≈≈≈≈


You could see a merfolk impaler, a sea snake, a snapping turtle (confused), 2
manticores, a water elemental, a mermaid and a harpy.

Vanquished Creatures
  Polyphemus (Shoals:3)
  2 krakens
  Roxanne (Shoals:1)
  Ilsuiw (Shoals:5)
  A frost giant (IceCv)
  Maud (Lair:4)
  The ghost of Dirian the Blocker, a powerful MiFi of Qazlal (Lab)
  The ghost of TZer0 the Slicer, a powerful VSBe of Trog (Orc:4)
  7 merfolk impalers
  A fire dragon (Lair:8)
  6 hydras
  A minotaur (Lab)
  A centaur warrior (D:10)
  5 sirens
  A ravenous item mimic (Lair:7)
  3 satyrs
  8 death yaks
  3 orc high priests (Orc:4)
  Urug (D:10)
  Nergalle (Lair:2)
  2 fire crabs (Shoals:3)
  A catoblepas (Shoals:4)
  16 sea snakes
  The ghost of teukkam the Ruffian, an experienced TrMo (D:6)
  An ice statue (IceCv)
  2 lindwurms
  5 hill giants
  Pikel (D:9)
  2 oklob plants (Lair:3)
  15 harpies
  3 manticores
  5 orc knights
  9 griffons
  A cyclops (Shoals:1)
  3 fauns (Shoals:3)
  A drowned soul (Shoals:3)
  5 orc sorcerers (Orc:4)
  8 water nymphs
  An ugly thing (D:12)
  8 black mambas
  8 mermaids
  13 elephants
  A molten gargoyle (Volcano)
  A torpor snail (Lair:5)
  14 spiny frogs
  2 gargoyles
  12 fire drakes
  2 kobold demonologists (D:12)
  5 komodo dragons
  30 merfolk
  2 wind drakes
  20 polar bears
  2 fire vortices (Volcano)
  3 trolls
  3 slime creatures (Lair:6)
  2 giant leeches (Lair:8)
  A raiju (Lair:8)
  17 blink frogs
  A two-headed ogre (D:10)
  7 snapping turtles
  8 water elementals
  77 yaks
  6 basilisks
  A wyvern (Lair:8)
  2 fire bats (Shoals:3)
  23 water moccasins
  A hill giant zombie (D:9)
  5 nagas (Lair:6)
  A chaos spawn (Orc:4)
  A neqoxec (Orc:4)
  A fire elemental (Volcano)
  14 hippogriffs
  A steam dragon (Lair:4)
  A hill giant skeleton (D:11)
  9 hogs (Lair:8)
  42 wolves
  10 wargs
  17 porcupines
  8 black bears
  3 hell hounds (Lair:8)
  A manticore zombie (D:12)
  6 ice beasts
  22 orc warriors
  3 yellow wasps
  3 necrophages
  A slave (D:9)
  15 ogres
  2 phantoms (D:10)
  3 sky beasts
  12 centaurs
  A boring beetle (Lair:5)
  4 brain worms (Lair:8)
  14 crocodiles
  4 big kobolds
  3 elf zombies
  Blork the orc (D:7)
  18 giant frogs
  A cyclops zombie (D:12)
  4 scorpions
  8 killer bees (D:10)
  7 wights
  A wyvern skeleton (D:9)
  An electric eel (Lair:8)
  6 jellies
  3 centaur zombies
  A giant frog zombie (D:11)
  7 crimson imps
  4 human zombies (D:7)
  32 orc priests
  35 orc wizards
  2 black bear skeletons
  10 iguanas
  22 hounds
  A human skeleton (D:7)
  Natasha (thrice) (D:6)
  A spectral orc (Lair:2)
  3 orange rats (Lair:8)
  10 worker ants
  16 sheep
  2 ogre skeletons
  4 mummies
  4 gnolls
  A scorpion zombie (D:6)
  38 adders
  A gnoll skeleton (D:5)
  73 green rats
  A steam dragon skeleton (D:7)
  4 giant mites
  12 white imps (D:11)
  23 worms
  5 shadow imps
  An ufetubus (Orc:4)
  An adder zombie (D:6)
  3 oozes
  8 giant geckos
  185 orcs
  3 ball pythons
  14 bats
  A bat zombie (D:3)
  5 giant cockroaches
  20 hobgoblins
  23 jackals
  30 kobolds
  8 giant newts
  32 goblins
  A goblin skeleton (D:4)
  3 orc zombies
  20 quokkas
  A quokka zombie (D:5)
  12 rats
  14 ballistomycetes (D:11)
  2 fungi
  10 plants
  3 tentacles
  A tentacle segment (Shoals:3)
1374 creatures vanquished.

Vanquished Creatures (collateral kills)
  Norris (Shoals:2)
  Nessos (Shoals:2)
  A merfolk aquamancer (Shoals:1)
  A sea snake (Shoals:2)
  A merfolk (Shoals:2)
  2 wind drakes
  4 water elementals
  A killer bee (D:10)
  4 sheep (Shoals:1)
16 creatures vanquished.

Vanquished Creatures (others)
  A merfolk aquamancer (Shoals:5)
  A satyr (Shoals:3)
  2 harpies (Shoals:2)
  3 drowned souls (Shoals:3)
  A merfolk (Shoals:2)
  An orc zombie (Orc:4)
  A slave (D:9)
  A hippogriff zombie (D:9)
  A hound (D:9)
  2 giant spores (D:11)
  26 fungi
  14 plants
  28 tentacles
  121 tentacle segments
203 creatures vanquished.

Grand Total: 1593 creatures vanquished

Notes
Turn   | Place    | Note
--------------------------------------------------------------
     0 | D:1      | Kashira, the Naga Wizard, began the quest for the Orb.
     0 | D:1      | Reached XP level 1. HP: 15/15 MP: 4/4
   186 | D:1      | Reached XP level 2. HP: 22/22 MP: 1/6
   349 | D:1      | Reached XP level 3. HP: 28/28 MP: 6/8
   354 | D:1      | Learned a level 3 spell: Mephitic Cloud
   358 | D:1      | Learned a level 3 spell: Conjure Flame
   361 | D:1      | Learned a level 2 spell: Blink
   366 | D:1      | Reached skill level 4 in Spellcasting
   969 | D:2      | Reached XP level 4. HP: 36/36 MP: 3/11
  1339 | D:2      | Found a blossoming altar of Fedhas.
  1566 | D:2      | Reached skill level 5 in Spellcasting
  1570 | D:2      | Learned a level 2 spell: Repel Missiles
  1689 | D:2      | Reached XP level 5. HP: 32/42 MP: 0/15
  2271 | D:3      | Noticed Psiweapon's ghost (average OgHu)
  2527 | D:3      | Found a burning altar of Makhleb.
  2542 | D:3      | Reached XP level 6. HP: 50/50 MP: 7/17
  3053 | D:4      | Reached skill level 1 in Armour
  3557 | D:4      | Reached skill level 1 in Fighting
  3649 | D:4      | Reached XP level 7. HP: 57/57 MP: 13/19
  3845 | D:4      | Reached skill level 1 in Poison Magic
  3986 | D:4      | Found a bloodstained altar of Trog.
  4044 | D:5      | Entered Level 5 of the Dungeon
  4601 | D:5      | Reached skill level 6 in Spellcasting
  4601 | D:5      | Reached XP level 8. HP: 64/64 MP: 0/21
  4619 | D:5      | Reached skill level 5 in Conjurations
  4706 | D:5      | Reached skill level 1 in Air Magic
  5317 | D:5      | Found a staircase to the Ecumenical Temple.
  5377 | Temple   | Entered the Ecumenical Temple
  5422 | Temple   | Became a worshipper of Cheibriados the Contemplative
  6682 | D:6      | Noticed teukkam's ghost (experienced TrMo)
  6693 | D:6      | Killed teukkam's ghost
  6693 | D:6      | Reached skill level 7 in Spellcasting
  6693 | D:6      | Reached XP level 9. HP: 49/73 MP: 23/24
  7865 | D:6      | Gained mutation: You have a pair of small antennae on your head. [potion of mutation]
  7865 | D:6      | Gained mutation: Your body is slowly deteriorating. [potion of mutation]
  7865 | D:6      | Gained mutation: You are clumsy. (Dex -2) [potion of mutation]
  7867 | D:6      | Lost mutation: You are clumsy. (Dex -2) [potion of cure mutation]
  7867 | D:6      | Lost mutation: Your body is slowly deteriorating. [potion of cure mutation]
  7931 | D:6      | Noticed Natasha
  7943 | D:6      | Killed Natasha
  7999 | D:6      | Noticed Natasha
  8006 | D:6      | Killed Natasha
  8141 | D:6      | Noticed Natasha
  8142 | D:6      | Killed Natasha
  8192 | D:6      | Reached skill level 1 in Charms
  8227 | D:7      | Reached skill level 8 in Conjurations
  8520 | D:7      | Noticed Blork the orc
  8520 | D:7      | Upgraded the game from 0.15.0-25-gd84c1e8 to 0.15.0-27-gbdb0435
  8524 | D:7      | Acquired Cheibriados' first power
  8529 | D:7      | Killed Blork the orc
  8714 | D:7      | Reached XP level 10. HP: 56/80 MP: 26/26
  8887 | D:7      | Found an ancient bone altar of Kikubaaqudgha.
  8983 | D:7      | Reached skill level 9 in Conjurations
  9217 | D:7      | Found a basalt altar of Yredelemnul.
  9594 | D:8      | Acquired Cheibriados' second power
  9701 | D:8      | Gained mutation: Your tail ends in a poisonous barb. [potion of mutation]
  9701 | D:8      | Gained mutation: Your spells are a little easier to cast, but a little less powerful. [potion of mutation]
  9701 | D:8      | Gained mutation: You are robust (+10% HP). [potion of mutation]
  9702 | D:8      | Gained mutation: You have a pair of antennae on your head. [potion of mutation]
  9702 | D:8      | Gained mutation: Your muscles are strong. (Str +2) [potion of mutation]
  9889 | D:8      | Found a shadowy altar of Dithmenos.
 10425 | D:9      | Learned a level 4 spell: Iskenderun's Mystic Blast
 10432 | D:9      | Learned a level 6 spell: Iron Shot
 10613 | D:9      | Learned a level 3 spell: Stone Arrow
 10825 | D:9      | Reached skill level 10 in Conjurations
 10878 | D:9      | Noticed Pikel
 10893 | D:9      | Killed Pikel
 10893 | D:9      | Reached skill level 1 in Fire Magic
 10904 | D:9      | Found a staircase to the Orcish Mines.
 11060 | D:9      | Acquired Cheibriados' third power
 11362 | D:9      | Reached XP level 11. HP: 95/95 MP: 9/28
 11441 | D:10     | Entered Level 10 of the Dungeon
 11661 | D:10     | Noticed a hill giant
 11669 | D:10     | Killed a hill giant
 11669 | D:10     | Reached skill level 11 in Conjurations
 11671 | D:10     | Reached skill level 1 in Earth Magic
 11938 | D:10     | Noticed a hill giant
 11944 | D:10     | Killed a hill giant
 12344 | D:10     | Found a shattered altar of Ashenzari.
 12457 | D:10     | Found a staircase to the Lair.
 12516 | D:10     | Noticed Urug
 12539 | D:10     | Killed Urug
 12987 | D:10     | Found Plog's Assorted Antiques.
 12994 | D:10     | Bought a white potion for 30 gold pieces
 13069 | D:10     | Learned a level 5 spell: Lightning Bolt
 13146 | D:11     | Reached skill level 10 in Spellcasting
 13262 | D:11     | Found a frozen archway.
 13303 | D:11     | Noticed a hill giant
 13309 | D:11     | Killed a hill giant
 13391 | IceCv    | Entered an ice cave
 13397 | IceCv    | Reached skill level 12 in Conjurations
 13428 | IceCv    | Reached XP level 12. HP: 90/105 MP: 3/30
 13962 | IceCv    | Noticed an ice statue
 14159 | IceCv    | Noticed a frost giant
 14176 | IceCv    | Killed a frost giant
 14176 | IceCv    | Reached skill level 1 in Throwing
 14176 | IceCv    | Reached skill level 5 in Dodging
 14674 | IceCv    | Learned a level 5 spell: Bolt of Magma
 14681 | IceCv    | Killed an ice statue
 14681 | IceCv    | Reached skill level 1 in Evocations
 15163 | D:11     | Found Cexa's Distillery.
 15181 | D:11     | Bought a potion of heal wounds for 39 gold pieces
 15181 | D:11     | Bought a potion of curing for 26 gold pieces
 15181 | D:11     | Bought a potion of heal wounds for 39 gold pieces
 15470 | D:11     | Reached skill level 1 in Invocations
 15532 | D:11     | Noticed a hill giant
 15538 | D:11     | Killed a hill giant
 15676 | D:11     | Found Arurr's Weapon Shoppe.
 15684 | D:11     | Found Rump's Antique Armour Shop.
 16273 | D:11     | Noticed an eight-headed hydra
 16281 | D:11     | Killed an eight-headed hydra
 16409 | D:12     | Found a labyrinth entrance.
 16420 | Lab      | Entered a labyrinth
 16431 | Lab      | Noticed Dirian's ghost (powerful MiFi)
 16451 | Lab      | Killed Dirian's ghost
 17647 | Lab      | Noticed a minotaur
 17650 | Lab      | Killed a minotaur
 17650 | Lab      | Reached skill level 13 in Conjurations
 17650 | Lab      | Reached XP level 13. HP: 107/113 MP: 23/32
 17662 | Lab      | Got an ichor-stained chain mail
 17682 | Lab      | Identified the cursed +0 chain mail of the Good {rF++ MR++ SInv} (You found it in a labyrinth)
 17699 | D:12     | Identified a +4 rod of ignition (10/10) (You found it in a labyrinth)
 17700 | D:12     | Identified a -1 rod of ignition (13/13) (You found it in a labyrinth)
 17864 | D:12     | Noticed an eight-headed hydra
 17870 | D:12     | Killed an eight-headed hydra
 18332 | D:12     | Gained mutation: You heal slowly when monsters are visible. [mutagenic meat]
 18334 | D:12     | Gained mutation: Your spells are easier to cast, but less powerful. [mutagenic meat]
 18335 | D:12     | Gained mutation: You are partially covered in rugged brown scales (AC +1, +3% HP). [mutagenic meat]
 18413 | D:12     | Found a portal to a secret trove of treasure.
 18422 | D:12     | Identified a scroll of acquirement
 18685 | D:10     | Noticed a hill giant
 18693 | D:10     | Killed a hill giant
 18844 | Lair:1   | Entered Level 1 of the Lair of Beasts
 19401 | Lair:2   | Noticed Nergalle
 19408 | Lair:2   | Killed Nergalle
 19450 | Lair:2   | Reached skill level 5 in Invocations
 20709 | Lair:3   | Reached skill level 5 in Poison Magic
 20712 | Lair:3   | Reached skill level 5 in Earth Magic
 21508 | Lair:3   | Reached XP level 14. HP: 126/126 MP: 30/33
 21516 | Lair:3   | Reached skill level 14 in Conjurations
 21975 | Lair:4   | Found a dark tunnel.
 21982 | Lair:4   | Noticed Maud
 21990 | Lair:4   | Killed Maud
 22012 | Volcano  | Entered a volcano
 23033 | Lair:4   | Reached skill level 5 in Air Magic
 24214 | Lair:6   | Reached skill level 1 in Shields
 24744 | Lair:6   | Reached skill level 5 in Armour
 25012 | Lair:6   | Found a staircase to the Shoals.
 25189 | Lair:6   | Found a staircase to the Snake Pit.
 25306 | Lair:6   | Found a staircase to the Slime Pits.
 25728 | Lair:7   | Reached skill level 5 in Fighting
 25999 | Lair:7   | Reached XP level 15. HP: 110/138 MP: 16/34
 26987 | Lair:8   | Entered Level 8 of the Lair of Beasts
 27397 | Lair:8   | Reached skill level 15 in Conjurations
 27458 | Lair:8   | Got a smelly leather armour
 28348 | Lair:8   | Got a brightly glowing scale mail
 28359 | Lair:8   | Identified the -10 scale mail of Shadows and Fog {rF+ Int+4} (You found it on level 8 of the Lair of Beasts)
 29780 | Lair:2   | Learned a level 5 spell: Lee's Rapid Deconstruction
 29896 | Orc:1    | Entered Level 1 of the Orcish Mines
 30573 | Orc:2    | Found Ivoinu Laam's Antique Weapon Boutique.
 31970 | Orc:3    | Found a bloodstained altar of Trog.
 32084 | Orc:3    | Found a staircase to the Elven Halls.
 32479 | Orc:4    | Entered Level 4 of the Orcish Mines
 32487 | Orc:4    | Noticed TZer0's ghost (powerful VSBe)
 32496 | Orc:4    | Killed TZer0's ghost
 32798 | Orc:4    | Found Azxoir's Food Shop.
 33128 | Orc:4    | Reached XP level 16. HP: 131/149 MP: 32/35
 33935 | Orc:4    | Found Mnyofy's Antique Weapon Emporium.
 33940 | Orc:4    | Found Seogeadd's Magic Scroll Boutique.
 33947 | Orc:4    | Found Jeorratz's Armour Boutique.
 33948 | Orc:4    | Bought a scroll of identify for 28 gold pieces
 33950 | Orc:4    | Found Scharaorphuv's Food Emporium.
 34023 | Orc:4    | Bought a scroll of fear for 49 gold pieces
 34023 | Orc:4    | Bought a scroll of enchant weapon for 105 gold pieces
 34023 | Orc:4    | Bought a scroll of fear for 49 gold pieces
 34025 | Orc:4    | Bought a scroll of remove curse for 42 gold pieces
 34253 | Lair:2   | Identified the +2 leather armour of the Accordion {rElec rF+ Slay+3} (You found it on level 8 of the Lair of Beasts)
 34465 | Shoals:1 | Entered Level 1 of the Shoals
 34689 | Shoals:1 | Noticed Roxanne
 34890 | Shoals:1 | Reached skill level 5 in Shields
 34899 | Shoals:1 | Killed Roxanne
 35045 | Shoals:1 | Identified Roxanne's Papyrus of Shifting Clay (You took it off Roxanne on level 1 of the Shoals)
 35046 | Shoals:1 | Noticed a kraken
 35100 | Shoals:1 | Killed a kraken
 35797 | Shoals:1 | Reached skill level 16 in Conjurations
 36307 | Shoals:2 | Noticed Nessos
 36310 | Shoals:2 | Noticed Norris
 36317 | Shoals:2 | Killed Norris
 36321 | Shoals:2 | Killed Nessos
 37631 | Shoals:3 | Reached skill level 10 in Invocations
 38261 | Shoals:3 | Reached XP level 17. HP: 79/155 MP: 1/37
 38794 | Shoals:3 | Identified Qoheg's Tome of Creation
 39841 | Shoals:4 | Noticed Polyphemus
 40292 | Shoals:3 | Killed Polyphemus
 41605 | Shoals:5 | Entered Level 5 of the Shoals
 41613 | Shoals:5 | Noticed Ilsuiw
 41627 | Shoals:5 | Killed Ilsuiw
 41644 | Shoals:5 | HP: 6/158 [drowned by a water elemental (10)]
 41645 | Shoals:5 | Drowned by a water elemental

Action                   |  1- 3 |  4- 6 |  7- 9 | 10-12 | 13-15 | 16-18 || total
-------------------------+-------+-------+-------+-------+-------+-------++-------
Melee: Short sword       |     4 |    24 |       |       |       |       ||    28
       Scythe            |       |    23 |     2 |       |       |       ||    25
       Staff             |       |       |    32 |    26 |       |       ||    58
       Trident           |       |       |       |   164 |   268 |       ||   432
       Mace              |       |       |       |       |   554 |   233 ||   787
       Flail             |       |       |       |       |    99 |    29 ||   128
       Rod               |       |       |       |       |       |     1 ||     1
Throw: Javelin           |       |       |       |    19 |    18 |    35 ||    72
       Throwing net      |       |       |       |     1 |       |     4 ||     5
 Cast: Magic Dart        |    47 |   184 |   392 |   327 |   740 |   243 ||  1933
       Mephitic Cloud    |       |     7 |    21 |    62 |   140 |    50 ||   280
       Conjure Flame     |       |     2 |     2 |    49 |    34 |     9 ||    96
       Blink             |       |     1 |       |     5 |       |     5 ||    11
       Repel Missiles    |       |       |     7 |     5 |     4 |    10 ||    26
       Stone Arrow       |       |       |       |   106 |       |       ||   106
       Iskenderun's Myst |       |       |       |     9 |    22 |    39 ||    70
       Lightning Bolt    |       |       |       |    22 |   110 |    54 ||   186
       Iron Shot         |       |       |       |    17 |   147 |   136 ||   300
       Bolt of Magma     |       |       |       |    18 |     1 |       ||    19
       Lee's Rapid Decon |       |       |       |       |       |     8 ||     8
Invok: Slouch            |       |       |       |       |       |     6 ||     6
 Abil: Spit Poison       |    25 |    68 |    55 |    82 |   274 |   108 ||   612
Evoke: Wand              |       |       |       |     9 |     5 |     9 ||    23
       Rod               |       |       |       |       |     1 |     1 ||     2
  Use: Scroll            |       |     8 |     4 |    16 |    16 |    14 ||    58
       Potion            |       |     2 |     5 |     6 |     2 |     8 ||    23
 Stab: Confused          |       |     1 |       |     7 |    48 |    11 ||    67
       Distracted        |       |     1 |       |       |     1 |     1 ||     3
       Petrified         |       |       |       |       |       |     2 ||     2
  Eat: Chunk             |     1 |    14 |    15 |    22 |    62 |    21 ||   135
       Beef jerky        |       |       |     1 |       |       |       ||     1
       Meat ration       |       |       |       |     1 |       |       ||     1
       Bread ration      |       |       |       |       |       |     1 ||     1
       Fruit             |       |       |       |       |       |     1 ||     1
       Pizza             |       |       |       |       |       |     1 ||     1
